AoeStats
← borgqueen

Arabia

509607013Analyzed
1v1 RM · 5d ago on Sep 27, 2026· 58m 23s· 2 players
Game mode
Random Map
Map size
Tiny (2 player)
Population
200
Speed
Normal
Resources
Standard
Victory
Conquest
Starting age
Dark Age
Ending age
Imperial Age
RankedLock teamsTeams togetherTeam positionsShared explorationLock speedFull tech treeHidden civsTurbo modeCheats
Victory
Defeat
🇩🇰 Mongols · Denmark
1144
+15
🇦🇺 Gurjaras · Australia
1129
-15
borgqueen
5:46 Loom
10:40 Feudal Age
12:36 Man-at-Arms
15:30 Double-Bit Axe
16:04 Horse Collar
23:23 Castle Age
23:07 Bloodlines
23:09 Forging
23:04 Scale Barding Armor
23:20 Gold Mining
24:19 Husbandry
32:29 Long Swordsman
33:58 Scale Barding Armor
40:57 Iron Casting
40:22 Scale Mail Armor
49:18 Imperial Age
49:01 Wheelbarrow
48:51 Fletching
49:02 Padded Archer Armor
48:25 Elite Skirmisher
49:53 Padded Archer Armor
50:07 Heavy Plow
51:46 Bodkin Arrow
52:06 Leather Archer Armor
Raven2200
7:19 Loom
9:05 Feudal Age
7:25 Loom
9:33 Man-at-Arms
11:30 Double-Bit Axe
11:29 Horse Collar
16:16 Bloodlines
24:03 Castle Age
23:14 Forging
24:28 Scale Mail Armor
24:47 Squires
24:10 Long Swordsman
24:16 Pikeman
25:02 Arson
24:49 Pikeman
33:51 Husbandry
34:33 Bow Saw
40:18 Heavy Plow
44:30 Imperial Age
42:37 Wheelbarrow
41:59 Fletching
42:10 Padded Archer Armor
43:53 Bodkin Arrow
44:14 Leather Archer Armor
45:05 Elite Mangudai
46:19 Bracer
47:32 Ballistics
46:47 Capped Ram
49:18 Drill
50:14 Siege Ram
53:09 Heavy Scorpion
Connection lost

Rejoining the realm…

Still unreachable

The connection could not be restored.

Session expired

The server has moved on; the page needs a fresh start.